 Dungeon Crawl Stone Soup version 0.22-a0-845-g8bfc27d (console) character file.

110 vegansnacktivist the Magician (level 4, -5/21 HPs)
             Began as a Spriggan Enchanter on July 26, 2018.
             Splashed by an oklob plant's acid (14 damage)
             ... on level 3 of the Dungeon.
             The game lasted 00:07:30 (4208 turns).

vegansnacktivist the Magician (Spriggan Enchanter)  Turns: 4208, Time: 00:07:30

Health: -5/21      AC: -2    Str:  5    XL:     4   Next: 61%
Magic:  12/12      EV: 18    Int: 16    God:
Gold:   161        SH:  0    Dex: 16    Spells: 4/13 levels left

rFire    . . .     SeeInvis +   a - +1 dagger
rCold    . . .     Gourm    .   (shield restricted)
rNeg     . . .     Faith    .   b - +0 robe
rPois    .         Spirit   .   (helmet restricted)
rElec    .         Reflect  .   (no cloak)
rCorr    .         Harm     .   (gloves unavailable)
MR       .....                  (boots unavailable)
Stlth    +++.......             (no amulet)
HPRegen  0.07/turn              (no ring)
MPRegen  0.13/turn              (no ring)

@: corroded, very quick
A: very small, unfitting armour, see invisible, herbivore, speed 3, slow
metabolism 2
a: no special abilities


You were on level 3 of the Dungeon.
You were very hungry.

You visited 1 branch of the dungeon, and saw 3 of its levels.

You collected 161 gold pieces.

Inventory:

Hand Weapons
 a - a +1 dagger (weapon)
Armour
 b - a +0 robe (worn)
Scrolls
 j - a scroll of blinking {unknown}
 k - a scroll of identify {unknown}
 l - 2 scrolls of enchant armour {unknown}
 n - 2 scrolls of fog {unknown}
 r - a scroll of remove curse {unknown}
Potions
 c - a potion of flight {unknown}
 e - a potion of heal wounds {unknown}
 f - a potion of berserk rage {unknown}
 g - 3 potions of mutation {unknown}
 h - a potion of invisibility {unknown}
 i - a potion of lignification {unknown}
 m - a potion of haste {unknown}
 o - a potion of cancellation {unknown}
 p - a potion of might {unknown}
 q - 2 potions of curing {unknown}
 s - a potion of brilliance {unknown}
Comestibles
 d - 9 rations


   Skills:
 - Level 1.1 Short Blades
 - Level 3.0 Dodging
 - Level 4.4 Stealth
 - Level 5.1 Spellcasting
 + Level 4.8 Hexes


You had 4 spell levels left.
You knew the following spells:

 Your Spells              Type           Power        Failure   Level  Hunger
a - Corona                Hex            ###....      1%          1    None
b - Ensorcelled Hibernat  Hex/Ice        ##....       9%          2    #......
c - Confuse               Hex            ###.....     6%          3    ###....
d - Dazzling Spray        Conj/Hex       ##....       17%         3    ###....

Your spell library contained the following spells:

 Spells                   Type           Power        Failure   Level  Hunger
 Tukima's Dance           Hex            ###.....     6%          3    ###....


Dungeon Overview and Level Annotations

Branches:
Dungeon (3/15)

Altars:
Cheibriados
Elyvilon
Fedhas
Okawaru
Trog

Annotations:
D:3 exclusion: oklob plant


Innate Abilities, Weirdness & Mutations

You are very small and have problems with some larger weapons.
You are too small for most types of armour.
You have supernaturally acute eyesight. (SInv)
You are a herbivore.
You cover ground extremely quickly.
You need to consume almost no food.


Message History

You hit the plant but do no damage.
The plant is almost destroyed.
You hit the plant but do no damage.
The plant is almost destroyed.
You hit the plant but do no damage.
The plant is almost destroyed.
You hit the plant but do no damage.
The plant is almost destroyed.
You hit the plant but do no damage.
The plant is almost destroyed.
You hit the plant.
You destroy the plant!
You hit the plant.
The plant is lightly damaged.
The oklob plant spits acid at you. The splash of acid hits you!
Ouch! That really hurt!
The acid corrodes you!
You are splashed with acid!
The acid burns!
Ouch! That really hurt!
You die...

#.#.#####
#.#PP.≈≈≈≈._.≈≈≈≈.P♣♣#
#.......#
#..PP.≈≈≈≈...≈≈≈≈.P#P##
###.###.#
#PP#♣.≈≈≈≈≈.≈≈≈≈≈.PPPP#
. ..#
#PPPP..≈≈≈≈.≈≈≈≈..♣#PP#
# ###
#PPPPP..≈≈≈.≈≈≈..PP#PP#
#PPPPPP..≈≈.≈≈..PP.PPP#
#.PPPPPP.......P#PP♣PP#


#P..#PP.#P.P♣PPPPP#PPP# ♣...@PPP♣P.P♣PPP.PP♣# #PPP.PPPP♣PPP#PP.P♣♣PP#
#♣PPP♣P♣♣PPPP.♣♣PPPPPP# ############## ##### You could see an oklob plant.

Vanquished Creatures
  A centaur skeleton (D:3)
  2 adders
  A worm (D:3)
  3 dart slugs
  3 leopard geckos
  An orc (D:3)
  3 giant cockroaches
  9 goblins
  5 hobgoblins
  6 kobolds
  3 quokkas
  A ball python (D:3)
  5 bats
  7 frilled lizards
  7 rats
  A plant (D:3)
58 creatures vanquished.

Vanquished Creatures (others)
  14 toadstools (D:3)
14 creatures vanquished.

Grand Total: 72 creatures vanquished

Notes
Turn   | Place    | Note
-------+----------+-------------------------------------------
     0 | D:1      | vegansnacktivist the Spriggan Enchanter began the quest for the Orb.
     0 | D:1      | Reached XP level 1. HP: 9/9 MP: 5/5
   267 | D:1      | Reached skill level 3 in Spellcasting
   527 | D:1      | Reached XP level 2. HP: 13/13 MP: 7/7
  1297 | D:2      | Learned a level 2 spell: Ensorcelled Hibernation
  2045 | D:2      | Reached skill level 4 in Spellcasting
  2079 | D:2      | Reached XP level 3. HP: 5/16 MP: 5/9
  2696 | D:2      | Found a white marble altar of Elyvilon.
  2699 | D:2      | Found an iron altar of Okawaru.
  2701 | D:2      | Found a bloodstained altar of Trog.
  3061 | D:2      | Learned a level 3 spell: Confuse
  3065 | D:2      | Learned a level 3 spell: Dazzling Spray
  3228 | D:3      | Reached XP level 4. HP: 20/21 MP: 7/11
  3355 | D:3      | Reached skill level 5 in Spellcasting
  3521 | D:3      | Found a snail-covered altar of Cheibriados.
  3933 | D:3      | Found a blossoming altar of Fedhas.
  3951 | D:3      | Noticed an oklob plant
  4208 | D:3      | Splashed by an oklob plant's acid

Vault maps used:
D:1:      wheals_arrival_shading
D:2:      grunt_temple_overflow_open, grunt_ministairs_5, minmay_surrounded
D:3:      kennysheep_slug_shrine, first_ration, tgw_fedhas

Skill      XL: |  1  2  3  4 |
---------------+-------------+-----
Spellcasting   | 3 4 5 |  5.1
Hexes          | 4 |  4.8
Short Blades   | |  1.1
Dodging        | |  3.0
Stealth        | |  4.4

Action                   |  1- 3 |  4- 6 || total
-------------------------+-------+-------++-------
Melee: Dagger            |   132 |   307 ||   439
 Cast: Corona            |    45 |     1 ||    46
       Ensorcelled Hiber |    15 |    13 ||    28
       Confuse           |     5 |       ||     5
 Stab: Sleeping          |    13 |    15 ||    28
       Confused          |     1 |       ||     1
  Eat: Ration            |       |     1 ||     1
Armor: Robe              |     8 |     2 ||    10
Dodge: Dodged            |   111 |    42 ||   153

Table legend:
 A = Spawn XP
 B = Non-spawn XP
 C = Spawn XP percentage of total XP
 D = Spawn monster count
 E = Non-spawn monster count
 F = Spawn count percentage of total count
 G = Total turns spent on level
                    A         B        C        D         E        F      G
               +---------+---------+-------+---------+---------+-------+---------
         Total |       0 |     158 |   0.0 |       0 |      57 |   0.0 |  4208
               +---------+---------+-------+---------+---------+-------+---------
           D:1 |       0 |      16 |   0.0 |       0 |       9 |   0.0 |  1077
           D:2 |       0 |      64 |   0.0 |       0 |      28 |   0.0 |  2022
           D:3 |       0 |      78 |   0.0 |       0 |      20 |   0.0 |  1109
               +---------+---------+-------+---------+---------+-------+---------
